 Dungeon Crawl Stone Soup version 0.19-a0-1637-gfc13266 (webtiles) character file.

4 4thArraOfDagon the Ruffian (level 1, -2/19 HPs)
             Began as a Troll Warper on Sept 19, 2016.
             Was an Initiate of Qazlal.
             Killed by nerve-wracking pain
             ... invoked by Menkaure
              (10 damage)
             ... on level 4 of the Dungeon.
             The game lasted 00:01:09 (180 turns).

4thArraOfDagon the Ruffian (Troll Warper)            Turns: 180, Time: 00:01:10

Health: -2/19      AC:  5    Str: 18    XL:     1   Next: 58%
Magic:  1/1        EV: 10    Int:  9    God:    Qazlal [......]
Gold:   11         SH:  0    Dex:  9    Spells: 1 memorised, 1 level left

rFire  . . .     SeeInvis .       - Unarmed
rCold  . . .     Gourm    +     a - +0 robe
rNeg   . . .     Faith    .     (no shield)
rPois  .         Spirit   .     (helmet restricted)
rElec  .         Dismiss  .     (no cloak)
rCorr  .         Reflect  .     (gloves unavailable)
MR     .....     Harm     .     (boots unavailable)
Stlth  +.........               (no amulet)
                                (no ring)
                                (no ring)

@: no status effects
A: unfitting armour, claws 3, fast metabolism 3, gourmand, regeneration 1,
shaggy fur 1, tough skin 2
a: Renounce Religion


You were on level 4 of the Dungeon.
You worshipped Qazlal.
Qazlal was noncommittal.
You were not hungry.

You visited 1 branch of the dungeon, and saw 4 of its levels.

You collected 11 gold pieces.

Inventory:

Missiles
 d - 5 tomahawks of dispersal (quivered)
Armour
 a - a +0 robe (worn)
Scrolls
 c - a scroll of blinking
 e - a scroll of identify {unknown}
 h - a scroll of amnesia {unknown}
Potions
 g - a potion of cure mutation {unknown}
Books
 b - a book of Spatial Translocations

   Spells                             Type                      Level
   a - Apportation                    Translocation                1
   b - Blink                          Translocation                2
   c - Shroud of Golubria             Charms/Translocation         2
   d - Portal Projectile              Translocation                3
   e - Teleport Other                 Translocation                3
   f - Passage of Golubria            Translocation                4
Comestibles
 f - 2 bread rations


   Skills:
 - Level 1.5 Fighting
 - Level 0.8 Throwing
 - Level 1.9 Dodging
 * Level 2.4 Unarmed Combat
 - Level 1.2 Spellcasting
 - Level 2.1 Translocations


You had one spell level left.
You knew the following spells:

 Your Spells              Type           Power        Failure   Level  Hunger
a - Apportation           Tloc           #.........   14%         1    ##.....


Dungeon Overview and Level Annotations

Branches:
Dungeon (4/15)
 Temple: D:4-7

Altars:
Qazlal

Annotations:
D:2 Natasha
D:3 Robin
D:4 Menkaure


Innate Abilities, Weirdness & Mutations

You are too large for most types of armour.
You have claws for hands.
Your metabolism is lightning-fast.
You like to eat raw meat.
Your natural rate of healing is unusually fast.
You are covered in fur. (AC +1)
You have very tough skin. (AC +2)


Message History

You kneel at the altar of Qazlal.
Qazlal welcomes you!
Qazlal grants you immunity to your own clouds.
There is a shaft here.
Unknown command.
There is a shaft here.
There is a shaft here.
Unknown command.
Menkaure calls on the powers of darkness!
Your body is wracked with pain!
There is a shaft here.
Unknown command.
There is a shaft here.
There is a shaft here.
Menkaure calls on the powers of darkness!
Your body is wracked with pain!
Menkaure gestures at you while chanting.
Pain shoots through your body!
Ouch! That really hurt!
You die...

#.≈≈##§..(≈#......##.........
#.^..^≈.§..^......##.........
#..§..._..........##.######..
##.^≈≈.§§§(...######......#..
#≈##....≈##M.# ######.#..
#≈≈^§^.^^≈.^.# #..
#§^##§.^^##^.# #..
##.^.^..^.≈..# ###
#####.....@## . ########


You could see Menkaure.

Vanquished Creatures
  An orc (D:3)
  A hobgoblin (D:2)
  A frilled lizard (D:4)
  A kobold (D:4)
4 creatures vanquished.

Notes
Turn   | Place    | Note
-------+----------+-------------------------------------------
     0 | D:1      | 4thArraOfDagon the Troll Warper began the quest for the Orb.
     0 | D:1      | Reached XP level 1. HP: 19/19 MP: 1/1
    75 | D:2      | Noticed Natasha
    99 | D:3      | Noticed Robin
   142 | D:4      | Noticed Menkaure
   148 | D:4      | Found a stormy altar of Qazlal.
   156 | D:4      | Became a worshipper of Qazlal Stormbringer
   180 | D:4      | Killed from afar by Menkaure

Vault maps used:
D:1:      dpeg_arrival_castle
D:2:      kennysheep_goblin_castle, uniq_sigmund, uniq_natasha
D:3:      first_bread, uniq_robin
D:4:      wad_river_or_something, grunt_qazlal_sundering,
          dancing_weapons_uskayaw, makhleb_blood_cavern_becter, uniq_menkaure

Action                   || total
-------------------------++-------
Melee: Unarmed           ||    11
  Eat: Chunk             ||     2
Armor: Robe              ||    24
Dodge: Dodged            ||    25
